[Event "XIV American Continental-ch 2019"]
[Site "Sao Paulo"]
[Date "2019.07.10"]
[Round "8.12"]
[White "Duran Vega, Sergio"]
[Black "Di Berardino, Diego Rafael"]
[Result "1-0"]
[ECO "D72"]
[WhiteElo "2364"]
[BlackElo "2506"]
[Annotator "ChessBase"]
[PlyCount "59"]
[EventDate "2019.07.05"]
[EventType "swiss"]
[EventCountry "BRA"]
[SourceTitle "playchess.com"]
[Source "ChessBase"]
[SourceQuality "1"]
[TimeControl "40/5400+30:1800+30"]

1. d4 Nf6 2. c4 g6 3. g3 Bg7 4. Bg2 d5 5. cxd5 Nxd5 6. e4 Nb6 7. Ne2 c5 8. d5 O-O 9. O-O e6 10. Nbc3 Na6 11. Nf4 e5 12. Nh3 Nc4 13. Qe2 Nd6 14. f4 Bxh3 15. Bxh3 c4 16. f5 Nc5 17. Qf3 Nd3 18. f6 Bh8 19. Nd1 Nb5 20. Bg5 Nd4 21. Qg2 h6 22. Bxh6 Bxf6 23. Bxf8 Kxf8 24. Ne3 b5 25. Be6 Kg7 26. Ng4 fxe6 27. Rxf6 Qe7 28. Raf1 Rh8 29. dxe6 Nxe6 30. Rf7+ 1-0

[Event "XIV American Continental-ch 2019"]
[Site "Sao Paulo"]
[Date "2019.07.10"]
[Round "8.15"]
[White "Vazquez, Guillermo"]
[Black "Fernandez Reyes, Lisandro"]
[Result "1-0"]
[ECO "B12"]
[WhiteElo "2483"]
[BlackElo "2378"]
[Annotator "RC"]
[PlyCount "81"]
[EventDate "2019.07.05"]
[EventType "swiss"]
[EventCountry "BRA"]
[TimeControl "40/5400+30:1800+30"]

1. e4 c6 2. d4 g6 3. Nf3 Bg7 4. h3 d6 5. c4 Nf6 6. Nc3 O-O 7. Be2 e5 8. d5 Na6 9. Be3 Nc5 10. Nd2 a5 11. O-O Bd7 12. b3 Na6 13. a3 Ne8 14. b4 f5 15. dxc6 bxc6 16. bxa5 Qxa5 17. Nb3 Qd8 18. c5 f4 19. Bc1 Be6 20. cxd6 Nxd6 21. Bxa6 Rxa6 22. Nc5 Bc4 23. Nxa6 Bxa6 24. Re1 f3 25. Re3 fxg2 26. Kxg2 Bh6 27. Rf3 Bf4 28. Kh1 Qe7 29. Rb1 Nc4 30. a4 g5 31. Kg1 Kh8 32. Ne2 Qg7 33. Ng3 g4 34. hxg4 Qxg4 35. Rb4 Qg7 36. Rc3 c5 37. Rb1 Qf6 38. Rf3 Rg8 39. Rbb3 Na5 40. Rxf4 Rd8 41. Rb8 1-0

[Event "XIV American Continental-ch 2019"]
[Site "Sao Paulo"]
[Date "2019.07.11"]
[Round "8.16"]
[White "Roselli Mailhe, Bernardo"]
[Black "Della Morte, German"]
[Result "1-0"]
[ECO "A41"]
[WhiteElo "2471"]
[BlackElo "2359"]
[Annotator "ChessBase"]
[PlyCount "107"]
[EventDate "2019.07.05"]
[EventType "swiss"]
[EventCountry "BRA"]
[SourceTitle "playchess.com"]
[Source "ChessBase"]
[SourceQuality "1"]
[TimeControl "40/5400+30:1800+30"]

1. d4 d6 2. c4 e5 3. Nf3 e4 4. Nfd2 f5 5. e3 Nf6 6. Nc3 g6 7. f3 exf3 8. Nxf3 Bg7 9. Bd3 O-O 10. O-O Nc6 11. a3 a5 12. b3 Re8 13. Ra2 Ne4 14. Bxe4 fxe4 15. Ne1 Bf5 16. Raf2 Qg5 17. Rf4 h5 18. Nd5 Rac8 19. h4 Qg3 20. Rxf5 gxf5 21. Qxh5 Rf8 22. Nc2 Qg4 23. Qxg4 fxg4 24. Rxf8+ Rxf8 25. Bd2 Bf6 26. Be1 Bd8 27. Kh2 Rf7 28. Nc3 Ne7 29. Nxe4 Nf5 30. g3 c6 31. Kg2 Kg7 32. Nf2 Nh6 33. Bd2 d5 34. Ne1 Kg6 35. e4 dxe4 36. Bxh6 Kxh6 37. Nxg4+ Kg7 38. a4 Bb6 39. c5 Bc7 40. Ne3 b6 41. cxb6 Bxb6 42. g4 Kf6 43. Nf5 Rd7 44. Kg3 Bxd4 45. Kf4 Bf2 46. Ng2 e3 47. g5+ Ke6 48. Ke4 Rb7 49. Nf4+ Kd7 50. g6 Rb4+ 51. Kf3 Ke8 52. Ne6 Rb8 53. h5 Bg1 54. h6 1-0

[Event "XIV American Continental-ch 2019"]
[Site "Sao Paulo"]
[Date "2019.07.10"]
[Round "8.17"]
[White "Perdomo, Leandro"]
[Black "Santos, Marcus Vinicius More"]
[Result "1-0"]
[ECO "A42"]
[WhiteElo "2468"]
[BlackElo "2354"]
[Annotator "ChessBase"]
[PlyCount "55"]
[EventDate "2019.07.05"]
[EventType "swiss"]
[EventCountry "BRA"]
[SourceTitle "playchess.com"]
[Source "ChessBase"]
[SourceQuality "1"]
[TimeControl "40/5400+30:1800+30"]

1. d4 g6 2. c4 Bg7 3. Nc3 d6 4. e4 e5 5. d5 a5 6. Bd3 Na6 7. Nge2 Qh4 8. Qa4+ Bd7 9. Qxa5 Nf6 10. O-O O-O 11. Nb5 Nc5 12. Qc3 Nfxe4 13. Bxe4 Bxb5 14. cxb5 Qxe4 15. Be3 Qxd5 16. Rfd1 Qe6 17. b4 Rxa2 18. bxc5 Rxe2 19. cxd6 e4 20. Qxc7 Bxa1 21. Rxa1 Qe5 22. Rd1 Ra8 23. Qc4 Rb2 24. d7 Rd8 25. Qc8 Qf6 26. b6 Kg7 27. h4 h6 28. Bd4 1-0

[Event "XIV American Continental-ch 2019"]
[Site "Sao Paulo"]
[Date "2019.07.10"]
[Round "8.20"]
[White "Matsuura, Everaldo"]
[Black "Cadilhac, Igor Tokuichi Kikuch"]
[Result "0-1"]
[ECO "E54"]
[WhiteElo "2459"]
[BlackElo "2291"]
[Annotator "ChessBase"]
[PlyCount "74"]
[EventDate "2019.07.05"]
[EventType "swiss"]
[EventCountry "BRA"]
[SourceTitle "playchess.com"]
[Source "ChessBase"]
[SourceQuality "1"]
[TimeControl "40/5400+30:1800+30"]

1. d4 Nf6 2. c4 e6 3. Nc3 Bb4 4. e3 O-O 5. Bd3 d5 6. Nf3 dxc4 7. Bxc4 c5 8. O-O cxd4 9. exd4 Nc6 10. Bg5 Be7 11. Re1 b6 12. a3 Bb7 13. Ba2 Nd5 14. Bxd5 Bxg5 15. Be4 Bf6 16. Qd3 g6 17. Rad1 Qb8 18. d5 exd5 19. Bxd5 Ne7 20. Bxb7 Qxb7 21. Ne4 Bg7 22. Nd6 Qc7 23. Ng5 Rad8 24. Qh3 h6 25. Ngxf7 Rxf7 26. Nxf7 Kxf7 27. Qe6+ Kf8 28. h4 Rxd1 29. Rxd1 Bxb2 30. Re1 Bxa3 31. Qe3 Bd6 32. Qxh6+ Kg8 33. Rc1 Bh2+ 34. Kh1 Qf4 35. Rc8+ Nxc8 36. Qxg6+ Kf8 37. Qc6 Ne7 0-1

[Event "XIV American Continental-ch 2019"]
[Site "Sao Paulo"]
[Date "2019.07.10"]
[Round "8.22"]
[White "Bittencourt, Jorge"]
[Black "Martins, Carlos"]
[Result "1/2-1/2"]
[ECO "E18"]
[WhiteElo "2433"]
[BlackElo "2238"]
[Annotator "RC"]
[PlyCount "63"]
[EventDate "2019.07.05"]
[EventType "swiss"]
[EventCountry "BRA"]
[TimeControl "40/5400+30:1800+30"]

1. Nf3 Nf6 2. c4 e6 3. g3 b6 4. Bg2 Bb7 5. O-O Be7 6. d4 O-O 7. Nc3 Ne4 8. Bd2 f5 9. d5 Bf6 10. Rc1 Na6 11. Be1 Nac5 12. Nd4 Nxc3 13. Bxc3 a5 14. dxe6 Bxg2 15. e7 Qxe7 16. Kxg2 g6 17. e3 d6 18. Nb5 Bxc3 19. Nxc3 Qf7 20. b3 Rae8 21. Qd5 Re5 22. Qxf7+ Kxf7 23. Nd5 Rc8 24. Rfd1 h5 25. h4 Ke6 26. Kf1 Kd7 27. Ke2 Re6 28. f3 Rb8 29. Nf4 Rf6 30. Nd5 Re6 31. Nf4 Rf6 32. Nd5 1/2-1/2

[Event "XIV American Continental-ch 2019"]
[Site "Sao Paulo"]
[Date "2019.07.10"]
[Round "8.24"]
[White "Fernandez, Maria Florencia"]
[Black "Sarkar, Justin"]
[Result "0-1"]
[ECO "D20"]
[WhiteElo "2220"]
[BlackElo "2389"]
[Annotator "RC"]
[PlyCount "58"]
[EventDate "2019.07.05"]
[EventType "swiss"]
[EventCountry "BRA"]
[TimeControl "40/5400+30:1800+30"]

1. d4 d5 2. c4 dxc4 3. e4 e5 4. d5 Nf6 5. Nc3 b5 6. Qc2 c6 7. Bg5 h6 8. Bxf6 Qxf6 9. a4 Bb4 10. axb5 cxb5 11. Nf3 Nd7 12. Be2 a6 13. O-O Rb8 14. Nd1 Nc5 15. Ne3 Nb3 16. Rab1 O-O 17. h3 Nd4 18. Qd1 Nxe2+ 19. Qxe2 Qf4 20. Nc2 Bc5 21. Kh1 a5 22. Rbd1 a4 23. d6 Bb7 24. Rfe1 Rfd8 25. g3 Qf6 26. d7 Qe6 27. Kg2 Bc6 28. Ne3 Bxe4 29. Ng4 f5 0-1

[Event "XIV American Continental-ch 2019"]
[Site "Sao Paulo"]
[Date "2019.07.11"]
[Round "9.1"]
[White "Fier, Alexandr"]
[Black "Iturrizaga Bonelli, Eduardo"]
[Result "0-1"]
[ECO "E25"]
[WhiteElo "2547"]
[BlackElo "2625"]
[Annotator "RC"]
[PlyCount "72"]
[EventDate "2019.07.05"]
[EventType "swiss"]
[EventCountry "BRA"]
[TimeControl "40/5400+30:1800+30"]

1. d4 Nf6 2. c4 e6 3. Nc3 Bb4 4. f3 d5 5. a3 Bxc3+ 6. bxc3 c5 7. cxd5 exd5 8. e3 c4 9. Ne2 Nc6 10. g4 Na5 11. Bg2 Nd7 12. O-O Nb6 13. Nf4 O-O 14. e4 Nb3 15. Rb1 Bd7 16. e5 f6 17. Re1 Re8 18. Nh5 Na4 19. Qc2 fxe5 20. dxe5 Qb6+ 21. Kh1 Qg6 22. Rb2 Nxb2 23. Qxb2 Rad8 24. Bf4 Bc6 25. Rd1 Nc5 26. Qe2 Nd3 27. Qe3 Rd7 28. Bg3 Rde7 29. Qxa7 Nxe5 30. Qd4 Nd3 31. h3 Qe6 32. Nf4 Nxf4 33. Bxf4 Qf6 34. Kh2 Re2 35. Qxf6 gxf6 36. Rc1 d4 0-1

[Event "XIV American Continental-ch 2019"]
[Site "Sao Paulo"]
[Date "2019.07.11"]
[Round "9.3"]
[White "Gonzalez Vidal, Yuri"]
[Black "Mekhitarian, Krikor Sevag"]
[Result "1/2-1/2"]
[ECO "C65"]
[WhiteElo "2547"]
[BlackElo "2545"]
[Annotator "RC"]
[PlyCount "43"]
[EventDate "2019.07.05"]
[EventType "swiss"]
[EventCountry "BRA"]
[SourceTitle "playchess.com"]
[Source "ChessBase"]
[SourceQuality "1"]
[TimeControl "40/5400+30:1800+30"]

1. e4 e5 2. Nf3 Nc6 3. Bb5 Nf6 4. d3 Bc5 5. Bxc6 dxc6 6. Nbd2 O-O 7. Qe2 Re8 8. Nc4 Nd7 9. Rg1 Bb4+ 10. Bd2 Bxd2+ 11. Qxd2 Qf6 12. O-O-O a5 13. Kb1 b5 14. Ne3 Nc5 15. h3 a4 16. Qc3 Na6 17. d4 exd4 18. Nxd4 b4 19. Qc4 Rxe4 20. Qxc6 Qxc6 21. Nxc6 Be6 22. Rd4 1/2-1/2

[Event "XIV American Continental-ch 2019"]
[Site "Sao Paulo"]
[Date "2019.07.11"]
[Round "9.7"]
[White "Lima, Darcy"]
[Black "Perdomo, Leandro"]
[Result "1/2-1/2"]
[ECO "C58"]
[WhiteElo "2543"]
[BlackElo "2468"]
[Annotator "RC"]
[PlyCount "28"]
[EventDate "2019.07.05"]
[EventType "swiss"]
[EventCountry "BRA"]
[SourceTitle "playchess.com"]
[Source "ChessBase"]
[SourceQuality "1"]
[TimeControl "40/5400+30:1800+30"]

1. e4 e5 2. Nf3 Nc6 3. Bc4 Nf6 4. Ng5 d5 5. exd5 Na5 6. Bb5+ Bd7 7. Qe2 Be7 8. b4 Bxb4 9. Qxe5+ Qe7 10. Qxe7+ Bxe7 11. Bxd7+ Nxd7 12. Ne4 Nf6 13. Nbc3 Nxe4 14. Nxe4 O-O-O 1/2-1/2

[Event "XIV American Continental-ch 2019"]
[Site "Sao Paulo"]
[Date "2019.07.11"]
[Round "9.9"]
[White "Duran Vega, Sergio"]
[Black "Barbosa, Evandro Amorim"]
[Result "1-0"]
[ECO "A48"]
[WhiteElo "2364"]
[BlackElo "2506"]
[Annotator "RC"]
[PlyCount "79"]
[EventDate "2019.07.05"]
[EventType "swiss"]
[EventCountry "BRA"]
[SourceTitle "playchess.com"]
[Source "ChessBase"]
[SourceQuality "1"]
[TimeControl "40/5400+30:1800+30"]

1. d4 Nf6 2. Nf3 g6 3. Nbd2 d5 4. e3 Bg7 5. b4 a5 6. b5 c5 7. bxc6 Nxc6 8. Be2 O-O 9. O-O Bf5 10. c4 a4 11. Ba3 Re8 12. Rc1 e6 13. Ne5 h5 14. Nxc6 bxc6 15. cxd5 exd5 16. Rxc6 Qb8 17. Qc1 Ng4 18. Bd6 Qb7 19. Bf3 Be6 20. Qc2 Bh6 21. Rb1 Qd7 22. Bxg4 Bxg4 23. Rc1 h4 24. h3 Bf5 25. Qc3 Rad8 26. Be5 Be6 27. Qb4 Bxh3 28. gxh3 Qxh3 29. Qb5 Bxe3 30. fxe3 Qxe3+ 31. Kf1 Qxd2 32. Qe2 Qg5 33. Qf3 Re6 34. Bf6 Qd2 35. Bxd8 Re3 36. Rxg6+ fxg6 37. Qxd5+ Kf8 38. Qd6+ Ke8 39. Qxg6+ Kf8 40. Be7+ 1-0

[Event "XIV American Continental-ch 2019"]
[Site "Sao Paulo"]
[Date "2019.07.11"]
[Round "9.20"]
[White "Martins, Carlos"]
[Black "Molina, Roberto Junio Brito"]
[Result "0-1"]
[ECO "C02"]
[WhiteElo "2238"]
[BlackElo "2464"]
[Annotator "RC"]
[PlyCount "74"]
[EventDate "2019.07.05"]
[EventType "swiss"]
[EventCountry "BRA"]
[SourceTitle "playchess.com"]
[Source "ChessBase"]
[SourceQuality "1"]
[TimeControl "40/5400+30:1800+30"]

1. e4 e6 2. d4 d5 3. e5 c5 4. c3 Nc6 5. Nf3 Qb6 6. Bd3 cxd4 7. cxd4 Bd7 8. O-O Nxd4 9. Nxd4 Qxd4 10. Nc3 a6 11. Qe2 Ne7 12. Kh1 Nc6 13. f4 Nb4 14. Rd1 Nxd3 15. Rxd3 Qb6 16. f5 d4 17. fxe6 Bxe6 18. Ne4 O-O-O 19. Bf4 Kb8 20. b3 Ka8 21. Rad1 Bf5 22. Nd6 Bxd6 23. exd6 Rhe8 24. Qd2 Bxd3 25. Qxd3 h6 26. h3 Rxd6 27. Qc4 Rd7 28. Bg3 Qb5 29. Qc1 g5 30. Bf2 d3 31. Qc3 Qc6 32. Rxd3 Qxc3 33. Rxc3 b5 34. a4 Re2 35. Rf3 Rd1+ 36. Kh2 Rf1 37. Kg3 h5 0-1

[Event "XIV American Continental-ch 2019"]
[Site "Sao Paulo"]
[Date "2019.07.12"]
[Round "10.1"]
[White "Delgado Ramirez, Neuris"]
[Black "Iturrizaga Bonelli, Eduardo"]
[Result "1/2-1/2"]
[ECO "B82"]
[WhiteElo "2605"]
[BlackElo "2625"]
[Annotator "ChessBase"]
[PlyCount "24"]
[EventDate "2019.07.05"]
[EventType "swiss"]
[EventCountry "BRA"]
[SourceTitle "playchess.com"]
[Source "ChessBase"]
[SourceQuality "1"]
[TimeControl "40/5400+30:1800+30"]

1. e4 c5 2. Nf3 e6 3. d4 cxd4 4. Nxd4 Nf6 5. Nc3 d6 6. f4 a6 7. Bd3 g6 8. Qe2 Bg7 9. Nf3 Nc6 10. e5 dxe5 11. fxe5 Nd7 12. Bf4 Qa5 1/2-1/2

[Event "XIV American Continental-ch 2019"]
[Site "Sao Paulo"]
[Date "2019.07.12"]
[Round "10.2"]
[White "Gonzalez Vidal, Yuri"]
[Black "Pichot, Alan"]
[Result "1-0"]
[ECO "B30"]
[WhiteElo "2547"]
[BlackElo "2579"]
[Annotator "ChessBase"]
[PlyCount "57"]
[EventDate "2019.07.05"]
[EventType "swiss"]
[EventCountry "BRA"]
[SourceTitle "playchess.com"]
[Source "ChessBase"]
[SourceQuality "1"]
[TimeControl "40/5400+30:1800+30"]

1. e4 c5 2. Nf3 Nc6 3. Bb5 e6 4. O-O Nge7 5. d4 cxd4 6. Nxd4 Qb6 7. Nxc6 bxc6 8. Bd3 Ng6 9. c4 Bc5 10. Nc3 Qb8 11. Na4 Bd4 12. c5 d6 13. Kh1 e5 14. Be3 dxc5 15. Nxc5 Qxb2 16. Qa4 Qb6 17. Bxd4 exd4 18. Qxd4 O-O 19. f4 Rd8 20. Qc3 Rb8 21. f5 Nf8 22. Rab1 Qc7 23. Rxb8 Qxb8 24. Bc4 Qd6 25. e5 Qe7 26. h3 Re8 27. e6 f6 28. Qd4 h6 29. Rd1 1-0

[Event "XIV American Continental-ch 2019"]
[Site "Sao Paulo"]
[Date "2019.07.12"]
[Round "10.3"]
[White "Garcia Pantoja, Roberto"]
[Black "Perez Ponsa, Federico"]
[Result "1/2-1/2"]
[ECO "B90"]
[WhiteElo "2529"]
[BlackElo "2560"]
[Annotator "ChessBase"]
[PlyCount "30"]
[EventDate "2019.07.05"]
[EventType "swiss"]
[EventCountry "BRA"]
[SourceTitle "playchess.com"]
[Source "ChessBase"]
[SourceQuality "1"]
[TimeControl "40/5400+30:1800+30"]

1. e4 c5 2. Nf3 d6 3. d4 cxd4 4. Nxd4 Nf6 5. Nc3 a6 6. f3 e5 7. Nb3 Be6 8. Be3 h5 9. Qd2 Nbd7 10. O-O-O Be7 11. h4 b5 12. Bg5 Rc8 13. Kb1 O-O 14. a3 Re8 15. Be2 Qb6 1/2-1/2

[Event "XIV American Continental-ch 2019"]
[Site "Sao Paulo"]
[Date "2019.07.12"]
[Round "10.5"]
[White "Vazquez, Guillermo"]
[Black "Leitao, Rafael"]
[Result "1-0"]
[ECO "B52"]
[WhiteElo "2483"]
[BlackElo "2616"]
[Annotator "ChessBase"]
[PlyCount "55"]
[EventDate "2019.07.05"]
[EventType "swiss"]
[EventCountry "BRA"]
[SourceTitle "playchess.com"]
[Source "ChessBase"]
[SourceQuality "1"]
[TimeControl "40/5400+30:1800+30"]

1. e4 c5 2. Nf3 d6 3. Bb5+ Bd7 4. c4 Bxb5 5. cxb5 Nf6 6. Nc3 g6 7. O-O Bg7 8. d4 cxd4 9. Nxd4 O-O 10. Qe2 Nbd7 11. h3 d5 12. exd5 Nb6 13. Rd1 Qd6 14. Qf3 Rfd8 15. Bf4 Qd7 16. d6 e6 17. Nc6 bxc6 18. bxc6 Qc8 19. Rac1 Nfd5 20. Nxd5 exd5 21. Rxd5 Bxb2 22. d7 Qa6 23. Rc2 Bf6 24. c7 Qa4 25. Rdd2 Nxd7 26. cxd8=Q+ Rxd8 27. Be3 Rb8 28. Qc6 1-0

[Event "XIV American Continental-ch 2019"]
[Site "Sao Paulo"]
[Date "2019.07.13"]
[Round "10.7"]
[White "Hernandez Sanchez, Jairo Andres"]
[Black "Supi, Luis Paulo"]
[Result "0-1"]
[ECO "B40"]
[WhiteElo "2387"]
[BlackElo "2562"]
[Annotator "RC"]
[PlyCount "108"]
[EventDate "2019.07.05"]
[EventType "swiss"]
[EventCountry "BRA"]
[SourceTitle "playchess.com"]
[Source "ChessBase"]
[SourceQuality "1"]
[TimeControl "40/5400+30:1800+30"]

1. e4 c5 2. Nf3 e6 3. c4 a6 4. d4 cxd4 5. Nxd4 Nf6 6. Nc3 Qc7 7. a3 b6 8. Be3 Bb7 9. f3 d6 10. Be2 Be7 11. O-O O-O 12. Qd2 Re8 13. Rfc1 Nbd7 14. a4 Rab8 15. Nd1 Bd8 16. b4 Rc8 17. Nb3 Qb8 18. a5 Bc7 19. axb6 Nxb6 20. Na5 Ba8 21. Nf2 d5 22. c5 Bxh2+ 23. Kh1 Nh5 24. cxb6 Ng3+ 25. Kxh2 Nf1+ 26. Kg1 Nxd2 27. Bxd2 Qxb6 28. Rxc8 Rxc8 29. Nb3 dxe4 30. Rxa6 Qc7 31. fxe4 Bb7 32. Ra2 Qb6 33. Bd3 Ra8 34. Rxa8+ Bxa8 35. Nc5 Qd6 36. Bc3 Qg3 37. b5 Qe3 38. Nb3 f5 39. Bd2 Qb6 40. exf5 exf5 41. Nc1 Be4 42. Bf1 h6 43. Na2 Bb7 44. Nc3 Qd4 45. Be1 g5 46. Ne2 Qc5 47. Nc3 g4 48. Kh1 Qe3 49. Ne2 h5 50. Nd1 Qd3 51. Ndc3 h4 52. Kg1 f4 53. Bxh4 g3 54. Nxg3 Qd4+ 0-1

[Event "XIV American Continental-ch 2019"]
[Site "Sao Paulo"]
[Date "2019.07.12"]
[Round "10.12"]
[White "Mieles Palau, Daniel"]
[Black "Cubas, Jose Fernando"]
[Result "1/2-1/2"]
[ECO "A10"]
[WhiteElo "2359"]
[BlackElo "2493"]
[Annotator "ChessBase"]
[PlyCount "70"]
[EventDate "2019.07.05"]
[EventType "swiss"]
[EventCountry "BRA"]
[SourceTitle "playchess.com"]
[Source "ChessBase"]
[SourceQuality "1"]
[TimeControl "40/5400+30:1800+30"]

1. c4 g6 2. Nc3 Bg7 3. g3 Nf6 4. Bg2 e5 5. Nf3 Nc6 6. O-O O-O 7. d3 Re8 8. e4 d6 9. h3 h6 10. Be3 Nh7 11. d4 Ng5 12. d5 Nxf3+ 13. Qxf3 Nd4 14. Qd1 c5 15. dxc6 bxc6 16. Kh2 Rb8 17. Qd2 h5 18. c5 dxc5 19. Na4 f5 20. exf5 Bxf5 21. Rfc1 e4 22. Qd1 Rb4 23. Nxc5 Rxb2 24. Qa4 Nf3+ 25. Kh1 Qc8 26. Rab1 Rxb1 27. Rxb1 Bxh3 28. Rb7 Rd8 29. Qb3+ Kh8 30. Bxf3 exf3 31. Bh6 Bxh6 32. Qc3+ Kg8 33. Qb3+ Kh8 34. Qc3+ Kg8 35. Qb3+ Kh8 1/2-1/2

[Event "XIV American Continental-ch 2019"]
[Site "Sao Paulo"]
[Date "2019.07.12"]
[Round "10.13"]
[White "Hungaski, Robert"]
[Black "Barria Zuniga, Daniel"]
[Result "1-0"]
[ECO "E20"]
[WhiteElo "2488"]
[BlackElo "2379"]
[Annotator "ChessBase"]
[PlyCount "63"]
[EventDate "2019.07.05"]
[EventType "swiss"]
[EventCountry "BRA"]
[SourceTitle "playchess.com"]
[Source "ChessBase"]
[SourceQuality "1"]
[TimeControl "40/5400+30:1800+30"]

1. d4 Nf6 2. c4 e6 3. Nc3 Bb4 4. g3 c5 5. Nf3 cxd4 6. Nxd4 a6 7. Bg2 Qc7 8. Qd3 Nc6 9. Nxc6 dxc6 10. O-O e5 11. Bd2 Be7 12. Na4 b5 13. cxb5 axb5 14. Nc3 Ra6 15. a4 b4 16. Ne4 Nd7 17. Be3 O-O 18. b3 c5 19. Rac1 Rc6 20. Rfd1 Rd8 21. Qc2 Ba6 22. Ng5 Rg6 23. Qf5 Nf6 24. Rxd8+ Qxd8 25. Bxc5 Bxc5 26. Rxc5 h6 27. Nf3 Qd1+ 28. Bf1 Bxe2 29. Qc8+ Kh7 30. Rc1 Bxf3 31. Rxd1 Bxd1 32. Bc4 1-0

[Event "XIV American Continental-ch 2019"]
[Site "Sao Paulo"]
[Date "2019.07.12"]
[Round "10.14"]
[White "Coro, Lucas"]
[Black "Santiago, Yago De Moura"]
[Result "0-1"]
[ECO "C03"]
[WhiteElo "2312"]
[BlackElo "2473"]
[Annotator "ChessBase"]
[PlyCount "72"]
[EventDate "2019.07.05"]
[EventType "swiss"]
[EventCountry "BRA"]
[SourceTitle "playchess.com"]
[Source "ChessBase"]
[SourceQuality "1"]
[TimeControl "40/5400+30:1800+30"]

1. e4 e6 2. d4 d5 3. Nd2 a6 4. Ngf3 Nf6 5. e5 Nfd7 6. Bd3 c5 7. c3 Nc6 8. O-O g5 9. dxc5 Nxc5 10. Be2 g4 11. Nd4 Nxe5 12. Bxg4 Bd6 13. f4 Nxg4 14. Qxg4 Qf6 15. N2b3 Ne4 16. Be3 Bd7 17. Rac1 a5 18. Ne2 Qg6 19. Qf3 Rg8 20. f5 Qg4 21. fxe6 fxe6 22. c4 Qxf3 23. Rxf3 dxc4 24. Rxc4 Bc6 25. Rh3 Bd5 26. Rc2 Rxg2+ 27. Kxg2 Ng5+ 28. Kf1 Nxh3 29. Nc3 Bxb3 30. axb3 Ke7 31. Ne4 Rf8+ 32. Ke2 Nf4+ 33. Bxf4 Rxf4 34. Ke3 Rh4 35. Rg2 Be5 36. Rg8 Rh3+ {[%emt 0:02:34] Kd4} 0-1

[Event "XIV American Continental-ch 2019"]
[Site "Sao Paulo"]
[Date "2019.07.12"]
[Round "10.17"]
[White "Donoso Diaz, Sebastian"]
[Black "Escalante Ramirez, Brian Sebasti"]
[Result "0-1"]
[ECO "D02"]
[WhiteElo "2239"]
[BlackElo "2447"]
[Annotator "ChessBase"]
[PlyCount "68"]
[EventDate "2019.07.05"]
[EventType "swiss"]
[EventCountry "BRA"]
[SourceTitle "playchess.com"]
[Source "ChessBase"]
[SourceQuality "1"]
[TimeControl "40/5400+30:1800+30"]

1. d4 d5 2. Nf3 e6 3. c4 c6 4. e3 Bd6 5. Bd3 f5 6. O-O Nf6 7. b3 Qe7 8. Bb2 O-O 9. Nbd2 Ne4 10. Ne5 b6 11. Rc1 Bb7 12. Bb1 c5 13. Ndf3 f4 14. exf4 Rxf4 15. Nd3 Rf5 16. cxd5 Bxd5 17. dxc5 bxc5 18. Re1 Nc6 19. Re3 Raf8 20. Nde1 Rf4 21. Bxe4 Rxe4 22. Rxe4 Bxe4 23. Rc4 Rd8 24. Qc1 Bd5 25. Rg4 e5 26. Nd3 Nd4 27. Nxd4 cxd4 28. h3 Be6 29. Rg5 h6 30. Rg6 Bf5 31. Rg3 e4 32. Nf4 Qc7 33. Qxc7 Bxc7 34. Bc1 d3 0-1

[Event "XIV American Continental-ch 2019"]
[Site "Sao Paulo"]
[Date "2019.07.12"]
[Round "10.18"]
[White "Acosta, Pablo Alejandro"]
[Black "Garcia Cardenas, Pablo"]
[Result "1/2-1/2"]
[ECO "D05"]
[WhiteElo "1992"]
[BlackElo "2443"]
[Annotator "ChessBase"]
[PlyCount "76"]
[EventDate "2019.07.05"]
[EventType "swiss"]
[EventCountry "BRA"]
[SourceTitle "playchess.com"]
[Source "ChessBase"]
[SourceQuality "1"]
[TimeControl "40/5400+30:1800+30"]

1. d4 Nf6 2. Nf3 d5 3. e3 e6 4. Bd3 c5 5. c3 Qc7 6. Ne5 Nc6 7. f4 Bd6 8. O-O O-O 9. Nd2 Ne7 10. g4 Ne8 11. Rf2 f6 12. Nef3 e5 13. fxe5 fxe5 14. dxe5 Bxe5 15. e4 Bxg4 16. exd5 Nf6 17. Nc4 Bxf3 18. Qxf3 Nexd5 19. Bxh7+ Kxh7 20. Qf5+ g6 21. Qxe5 Qxe5 22. Nxe5 Rae8 23. Nf3 Ng4 24. Ng5+ Kg8 25. Rxf8+ Kxf8 26. Nf3 Re2 27. Bd2 Nde3 28. Bxe3 Rxe3 29. Rf1 Kg7 30. h3 Nh6 31. Kf2 Nf5 32. Rd1 Re7 33. a4 Kf6 34. a5 Rh7 35. Rd8 Rc7 36. Nd2 c4 37. Kf3 Ke5 38. Kg4 Kf6 1/2-1/2

[Event "XIV American Continental-ch 2019"]
[Site "Sao Paulo"]
[Date "2019.07.13"]
[Round "10.19"]
[White "Bittencourt, Jorge"]
[Black "Della Morte, German"]
[Result "1/2-1/2"]
[ECO "E73"]
[WhiteElo "2433"]
[BlackElo "2359"]
[Annotator "RC"]
[PlyCount "133"]
[EventDate "2019.07.05"]
[EventType "swiss"]
[EventCountry "BRA"]
[SourceTitle "playchess.com"]
[Source "ChessBase"]
[SourceQuality "1"]
[TimeControl "40/5400+30:1800+30"]

1. d4 Nf6 2. c4 g6 3. Nc3 Bg7 4. e4 d6 5. Be2 O-O 6. Be3 e5 7. d5 a5 8. g4 Na6 9. h4 c6 10. h5 cxd5 11. cxd5 Bd7 12. f3 Nc5 13. Nh3 a4 14. Nf2 Qa5 15. Qd2 Rfc8 16. Ncd1 Bb5 17. Qxa5 Rxa5 18. Rc1 Bxe2 19. Kxe2 Nfd7 20. Nd3 Bf6 21. Bd2 Raa8 22. Nxc5 Nxc5 23. Ne3 Bg5 24. Nc4 Bxd2 25. Kxd2 Ra6 26. Rc3 f5 27. gxf5 gxf5 28. Ke3 Kf7 29. Rhc1 Kf6 30. Nxd6 Rxd6 31. Rxc5 Rxc5 32. Rxc5 Rb6 33. Rc2 Rb4 34. Rd2 Ke7 35. Rg2 Kf6 36. Rc2 Rb6 37. Kd3 fxe4+ 38. fxe4 Rb4 39. Rg2 Rd4+ 40. Ke3 Rd1 41. Rf2+ Ke7 42. Rf5 Kd6 43. Rf7 Re1+ 44. Kd3 Rd1+ 45. Ke3 Re1+ 46. Kd3 Rd1+ 47. Ke2 Rh1 48. Rxb7 Rxh5 49. Kd3 Rh3+ 50. Kc4 Rh4 51. Rb6+ Kc7 52. Kc5 Rxe4 53. Rh6 Re2 54. Rxh7+ Kc8 55. Ra7 Rxb2 56. Rxa4 e4 57. Kd6 e3 58. Ra8+ Rb8 59. Ra3 Rb6+ 60. Ke7 Rb7+ 61. Ke6 e2 62. Re3 Kd8 63. d6 Rb2 64. a4 Ra2 65. a5 Rxa5 66. Rxe2 Ra1 67. Re5 1/2-1/2